 Dungeon Crawl Stone Soup version 0.21.1-1-g345015fe64 (webtiles) character file.

181 Goboxel the Conjurer (level 5, 0/38 HPs)
             Began as a Draconian Conjurer on Apr 15, 2018.
             Succumbed to an adder's poison
             ... on level 3 of the Dungeon.
             The game lasted 00:07:49 (2980 turns).

Goboxel the Conjurer (Draconian Conjurer)           Turns: 2980, Time: 00:07:49

Health: 0/38       AC:  5    Str: 11    XL:     5   Next: 34%
Magic:  0/10       EV: 12    Int: 15    God:
Gold:   157        SH:  0    Dex: 12    Spells: 8/11 levels left

rFire    . . .     SeeInvis .   c - +0 whip
rCold    . . .     Gourm    .   (no shield)
rNeg     . . .     Faith    .   (armour unavailable)
rPois    .         Spirit   .   (helmet restricted)
rElec    .         Reflect  .   (no cloak)
rCorr    .         Harm     .   (no gloves)
MR       .....                  (no boots)
Stlth    ++........             (no amulet)
HPRegen  0.12/turn              (no ring)
MPRegen  0.12/turn              (no ring)

@: lethally poisoned (0 -> -3), very slightly contaminated
A: unfitting armour, cold-blooded, AC +5
a: no special abilities


You were on level 3 of the Dungeon.
You were hungry.

You visited 1 branch of the dungeon, and saw 3 of its levels.

You collected 157 gold pieces.

Inventory:

Hand Weapons
 c - a +0 whip (weapon)
Scrolls
 d - a scroll of noise {unknown}
 e - a scroll of blinking {unknown}
 f - a scroll of teleportation {unknown}
 g - a scroll of identify {unknown}
 h - a scroll of random uselessness {unknown}
 j - a scroll of immolation {unknown}
 l - 2 scrolls of remove curse {unknown}
Potions
 m - 4 potions of curing {unknown}
 n - a potion of flight {unknown}
 o - a potion of brilliance {unknown}
Books
 a - a book of Conjurations

   Spells                             Type                      Level
   a - Magic Dart                     Conjuration                  1
   b - Searing Ray                    Conjuration                  2
   c - Dazzling Spray                 Conjuration/Hexes            3
   d - Fulminant Prism                Conjuration/Hexes            4
   e - Force Lance                    Conjuration/Translocation    4
   f - Iskenderun's Mystic Blast      Conjuration                  4
Comestibles
 b - 4 rations
 k - 3 chunks of flesh


   Skills:
 - Level 1.7 Dodging
 - Level 1.7 Stealth
 + Level 3.9 Spellcasting
 + Level 5.5 Conjurations


You had 8 spell levels left.
You knew the following spells:

 Your Spells              Type           Power        Failure   Level  Hunger
a - Magic Dart            Conj           ###.         1%          1    None
b - Searing Ray           Conj           ###...       2%          2    ##.....


Dungeon Overview and Level Annotations

Branches:
Dungeon (3/15)

Altars:


Innate Abilities, Weirdness & Mutations

Your plain brown scales are hard. (AC +5)
You cannot fit into any form of body armour.
You are cold-blooded and may be slowed by cold attacks.


Message History

The adder misses you.
Casting: Searing Ray
Confirm with . or Enter, or press ? or * to list all spells.
Aiming: Magic Dart
Press: ? - help, Shift-Dir - straight line, f/p - adder
Aim: an adder (severely wounded)
You miscast Magic Dart.
You are very lightly contaminated with residual magic.
Nothing appears to happen.
The adder barely misses you. The adder bites you.
* * * LOW HITPOINT WARNING * * *
You are lethally poisoned!
The adder poisons you!
Casting: Magic Dart
Confirm with . or Enter, or press ? or * to list all spells.
Aiming: Magic Dart
Press: ? - help, Shift-Dir - straight line, f/p - adder
Aim: an adder (severely wounded)
The magic dart hits the adder.
The adder is severely wounded.
You die...

. ... ... .## #..
..# #a. ... ..#
##o# #.# ..# #...
#.##'## #..#
#..... #
#..#####..#.####.#
#..)†@S)..#.#<...
#.######......# #
#.#####.......##.#
#................#
#####.........##.#
#.........#
#.........#
##.......###.#
##..........#


You could see an adder.

Vanquished Creatures
  A worker ant (D:3)
  4 gnolls (D:3)
  4 adders
  An ooze (D:1)
  2 worms (D:2)
  A dart slug (D:2)
  2 leopard geckos
  4 orcs (D:3)
  A ball python (D:2)
  2 giant cockroaches
  7 goblins
  3 hobgoblins
  9 jackals
  7 kobolds
  A quokka (D:2)
  5 bats
  4 frilled lizards
  12 rats
70 creatures vanquished.

Notes
Turn   | Place    | Note
-------+----------+-------------------------------------------
     0 | D:1      | Goboxel the Draconian Conjurer began the quest for the Orb.
     0 | D:1      | Reached XP level 1. HP: 14/14 MP: 3/3
   445 | D:1      | Reached XP level 2. HP: 5/20 MP: 0/5
   463 | D:1      | HP: 1/20 [jackal (2)]
   773 | D:1      | Learned a level 2 spell: Searing Ray
  1318 | D:1      | Reached XP level 3. HP: 14/26 MP: 0/7
  2034 | D:2      | Found a faded altar of an unknown god.
  2047 | D:2      | Reached XP level 4. HP: 33/33 MP: 3/8
  2659 | D:2      | Reached skill level 5 in Conjurations
  2923 | D:3      | Reached XP level 5. HP: 38/38 MP: 1/10
  2979 | D:3      | HP: 1/38 [adder (4)]
  2980 | D:3      | Succumbed to an adder's poison

Skill      XL: |  1  2  3  4 |
---------------+-------------+-----
Spellcasting   | 3 |  3.9
Conjurations   | 5 |  5.5
Dodging        | |  1.7
Stealth        | |  1.7

Action                   |  1- 3 |  4- 6 || total
-------------------------+-------+-------++-------
Melee: Whip              |    53 |    75 ||   128
       Unarmed           |    15 |       ||    15
       Tailslap          |     5 |     2 ||     7
 Cast: Magic Dart        |    55 |    21 ||    76
       Searing Ray       |     5 |     5 ||    10
  Use: Potion            |       |     1 ||     1
 Stab: Sleeping          |     1 |       ||     1
  Eat: Chunk             |     4 |     3 ||     7
Armor: Skin              |    37 |    91 ||   128
Dodge: Dodged            |    91 |    45 ||   136
